 Dungeon Crawl Stone Soup version 0.22-a0-533-g4d20840 (webtiles) character file.

3127 Darkshadow the Cleaver (level 9, -17/82 HPs)
             Began as a Hill Orc Monk on June 22, 2018.
             Was a Priest of Beogh.
             Demolished by a two-headed ogre
             ... wielding a +0 giant club
              (21 damage)
             ... on level 8 of the Dungeon.
             The game lasted 00:32:58 (11075 turns).

Darkshadow the Cleaver (Hill Orc Monk)             Turns: 11075, Time: 00:32:58

Health: -17/82     AC: 11    Str: 17      XL:     9   Next: 92%
Magic:  7/13       EV:  8    Int: 10      God:    Beogh [***...]
Gold:   445        SH:  0    Dex: 12 (13) Spells: 8/8 levels left

rFire    . . .     SeeInvis .   G - +2 hand axe (chop)
rCold    . . .     Gourm    .   (no shield)
rNeg     . . .     Faith    .   h - +0 chain mail
rPois    +         Spirit   .   r - +0 helmet
rElec    .         Reflect  .   (no cloak)
rCorr    .         Harm     .   (no gloves)
MR       .....                  (no boots)
Stlth    ..........             x - amulet of rage
HPRegen  0.23/turn              s - ring of stealth
MPRegen  0.13/turn              l - ring of poison resistance

@: no status effects
A: no striking features
a: Smiting, Renounce Religion, Evoke Berserk Rage


You were on level 8 of the Dungeon.
You worshipped Beogh.
Beogh was most pleased with you.
You were very hungry.

You visited 1 branch of the dungeon, and saw 9 of its levels.

You collected 445 gold pieces.

Inventory:

Hand Weapons
 a - a +0 hand axe
 G - a +2 hand axe of chopping (weapon)
Missiles
 i - 180 stones (quivered)
Armour
 b - a +0 robe
 h - a +0 chain mail (worn)
 r - a +0 helmet (worn)
 J - a +0 plate armour
Jewellery
 l - a ring of poison resistance (right hand)
 s - a ring of stealth (left hand)
 x - an amulet of rage (around neck)
 A - an uncursed ring of flight
 D - an uncursed amulet of regeneration
 K - a +2 ring of intelligence {unknown}
Wands
 p - a wand of enslavement (10)
 u - a wand of flame (21)
 z - a wand of iceblast (2)
 F - a wand of disintegration (5)
Scrolls
 d - 2 scrolls of fog
 f - 6 scrolls of remove curse {@r2}
 g - 2 scrolls of magic mapping
 j - 6 scrolls of teleportation
 n - a scroll of blinking {unknown}
 o - 2 scrolls of immolation
 q - 6 scrolls of identify {@r1}
 t - 2 scrolls of enchant weapon
 w - a scroll of noise
 y - a scroll of amnesia {unknown}
 H - a scroll of random uselessness {unknown}
Potions
 e - 2 potions of ambrosia {unknown}
 k - 8 potions of curing {@q1}
 m - a potion of resistance
 v - 4 potions of heal wounds
 B - a potion of invisibility {unknown}
 C - a potion of brilliance {unknown}
 E - 2 potions of lignification {unknown}
 I - 2 potions of cancellation {unknown}
Comestibles
 c - 19 rations


   Skills:
 + Level 8.4 Fighting
 * Level 11.9 Axes
 + Level 6.7 Armour
 - Level 2.5 Dodging
 - Level 1.7 Stealth
 + Level 6.1 Invocations


You had 8 spell levels left.
You didn't know any spells.
Your spell library was empty.

Dungeon Overview and Level Annotations

Branches:
Dungeon (9/15)             Temple (0/1) D:4
   Lair: D:8-11         Orc: D:9-12

Altars:
Cheibriados
Gozag
Trog
Wu Jian
Zin

Annotations:
D:7 ! double headed ogre
D:8 exclusion: upstairs


Message History

Your orc hits the yak with a trident of protection.
The two-headed ogre hits you with a giant club!
* * * LOW HITPOINT WARNING * * *
The two-headed ogre hits you with a giant club!
* * * LOW HITPOINT WARNING * * *
You climb upwards.
Level annotation: exclusion: upstairs
There is a stone staircase leading down here.
Aiming: Smiting
Press: ? - help, Dir - move target cursor, f - two-headed ogre Smite: a two-headed ogre, wielding two giant clubs You smite the two-headed ogre!
The two-headed ogre is heavily wounded.
Aiming: Smiting
Press: ? - help, Dir - move target cursor, f/p - two-headed ogre Smite: a two-headed ogre, wielding two giant clubs (heavily wounded)
You smite the two-headed ogre!
The two-headed ogre is severely wounded.
The two-headed ogre hits you with a giant club!!
You die...

#.....(.......##.).##...
##.............###...##..
####.........###..#
##...#.. #...........##
##.# #......
#####...##..#
#.####.).... ##.####.##
##..##..#.... #..#
#..###............
#####..#
##......###........
#......###O@##..##
##.......
######....####..#
##...... ##...## ##.#
#...... ###....# #.#
##..... #..###.# #.##
#..... ####
#.######..#######....
#.........#......)...
##....###....#####...
#..#### #..### ##..


You could see a two-headed ogre.

Vanquished Creatures
  A hungry ghost (D:8)
  A sky beast (D:6)
  A necrophage (D:6)
  2 ogres
  2 phantoms
  4 centaurs
  A crocodile (D:9)
  Blork the orc (D:5)
  6 bullfrogs
  A big kobold (D:8)
  2 wyvern zombies
  2 scorpions
  A howler monkey (D:4)
  2 bullfrog zombies
  4 crimson imps
  2 quasits
  2 jellies
  A hound (D:4)
  2 orc priests (D:7)
  A centaur skeleton (D:4)
  Jessica (D:2)
  3 bullfrog skeletons
  Natasha (thrice) (D:3)
  2 orc wizards
  6 worker ants
  A killer bee zombie (D:3)
  A worker ant zombie (D:5)
  17 gnolls
  2 howler monkey skeletons
  11 adders
  2 shadow imps
  2 oozes
  An adder skeleton (D:7)
  A worm (D:3)
  5 dart slugs
  5 leopard geckos
  25 orcs
  7 giant cockroaches
  9 hobgoblins
  19 jackals
  3 quokkas
  8 bats
  9 frilled lizards
  6 goblins
  9 kobolds
  A leopard gecko skeleton (D:8)
  5 rats
203 creatures vanquished.

Vanquished Creatures (collateral kills)
  An orc (D:9)
1 creature vanquished.

Vanquished Creatures (others)
  3 orcs (D:9)
  A dart slug (D:5)
  A frilled lizard (D:5)
5 creatures vanquished.

Grand Total: 209 creatures vanquished

Notes
Turn   | Place    | Note
-------+----------+-------------------------------------------
     0 | D:1      | Darkshadow the Hill Orc Monk began the quest for the Orb.
     0 | D:1      | Reached XP level 1. HP: 19/19 MP: 1/1
   285 | D:1      | Reached XP level 2. HP: 26/27 MP: 2/2
   836 | D:2      | Noticed Jessica
   861 | D:2      | Killed Jessica
   861 | D:2      | Reached skill level 5 in Axes
   861 | D:2      | Reached skill level 1 in Armour
   861 | D:2      | Reached XP level 3. HP: 7/33 MP: 3/3
  1205 | D:2      | Reached XP level 4. HP: 40/40 MP: 4/4
  2076 | D:3      | Noticed Natasha
  2084 | D:3      | Killed Natasha
  2084 | D:3      | Reached XP level 5. HP: 20/47 MP: 5/5
  2318 | D:3      | Noticed Natasha
  2631 | D:3      | Killed Natasha
  2631 | D:3      | Reached skill level 6 in Axes
  2713 | D:3      | Noticed Natasha
  2723 | D:3      | Killed Natasha
  2782 | D:3      | Reached skill level 5 in Fighting
  3008 | D:3      | Reached XP level 6. HP: 33/56 MP: 6/6
  4410 | D:4      | Reached skill level 7 in Axes
  4534 | D:4      | Found a staircase to the Ecumenical Temple.
  4721 | D:4      | Reached XP level 7. HP: 41/61 MP: 7/7
  5251 | D:4      | Reached skill level 8 in Axes
  5573 | D:4      | Found an ornate altar of the Wu Jian Council.
  5731 | D:5      | Entered Level 5 of the Dungeon
  5787 | D:5      | Became a worshipper of Beogh the Brigand
  5787 | D:5      | Reached * piety under Beogh
  5787 | D:5      | Reached ** piety under Beogh
  6497 | D:5      | Found a snail-covered altar of Cheibriados.
  6781 | D:5      | Noticed Blork the orc
  6804 | D:5      | Killed Blork the orc
  6804 | D:5      | Reached skill level 1 in Invocations
  6804 | D:5      | Reached XP level 8. HP: 54/71 MP: 8/8
  7060 | D:5      | Reached skill level 9 in Axes
  7610 | D:6      | Reached skill level 5 in Armour
  7858 | D:6      | Found a bloodstained altar of Trog.
  7874 | D:6      | Reached skill level 10 in Axes
  7934 | D:6      | Found an opulent altar of Gozag.
  8274 | D:7      | Reached *** piety under Beogh
  8302 | D:7      | Reached XP level 9. HP: 72/79 MP: 12/12
  9011 | D:7      | Reached skill level 11 in Axes
  9052 | D:7      | Reached skill level 5 in Invocations
  9101 | D:8      | Noticed a two-headed ogre
  9500 | D:8      | Found a glowing silver altar of Zin.
  9684 | D:8      | Reached **** piety under Beogh
 10467 | D:9      | Noticed a two-headed ogre
 11072 | D:9      | HP: 3/82 [two-headed ogre/giant club (16)]
 11075 | D:8      | Demolished by a two-headed ogre

Vault maps used:
D:1:      enne_arrival_octagon_isle
D:2:      kennysheep_six_static_rooms, first_ration, grunt_decor_cap,
          uniq_jessica
D:3:      uniq_natasha
D:4:      marbit_many_paths, minmay_temple_entry_hall
D:5:      kennysheep_slug_shrine, uniq_blork_the_orc
D:6:      kennysheep_mini, lemuel_round_altar, minivault_19
D:8:      lemuel_coloured_pillars_altar
D:9:      ashenzari_altar_1, david_lair_generic, gammafunk_ghost_grave,
          uniq_grum

Skill      XL: |  1  2  3  4  5  6  7  8  9 |
---------------+----------------------------+-----
Fighting       | 4 5 6 7 8 |  8.4
Axes           | 5 6 7 8 10 11 | 11.9
Armour         | 1 2 3 4 5 6 |  6.7
Invocations    | 1 4 6 |  6.1
Dodging        | |  2.5
Stealth        | |  1.7

Action                   |  1- 3 |  4- 6 |  7- 9 || total
-------------------------+-------+-------+-------++-------
Melee: Hand axe          |    93 |   349 |   615 ||  1057
Throw: Stone             |     4 |     7 |    29 ||    40
Invok: Convert to Beogh  |       |       |     1 ||     1
       Smiting           |       |       |     2 ||     2
  Use: Scroll            |       |     5 |     4 ||     9
  Eat: Chunk             |       |    12 |    16 ||    28
       Ration            |       |       |     2 ||     2
Armor: Robe              |     5 |       |       ||     5
       Chain mail        |    53 |   211 |   301 ||   565
Dodge: Dodged            |    62 |   152 |   227 ||   441

Table legend:
 A = Spawn XP
 B = Non-spawn XP
 C = Spawn XP percentage of total XP
 D = Spawn monster count
 E = Non-spawn monster count
 F = Spawn count percentage of total count
 G = Total turns spent on level
                    A         B        C        D         E        F      G
               +---------+---------+-------+---------+---------+-------+---------
         Total |       0 |    4468 |   0.0 |       0 |     204 |   0.0 | 11075
               +---------+---------+-------+---------+---------+-------+---------
           D:1 |       0 |      27 |   0.0 |       0 |      15 |   0.0 |   786
           D:2 |       0 |     127 |   0.0 |       0 |      35 |   0.0 |  1377
           D:3 |       0 |     332 |   0.0 |       0 |      34 |   0.0 |  2194
           D:4 |       0 |     420 |   0.0 |       0 |      21 |   0.0 |  1385
           D:5 |       0 |     486 |   0.0 |       0 |      27 |   0.0 |  1530
           D:6 |       0 |     650 |   0.0 |       0 |      17 |   0.0 |   717
           D:7 |       0 |    1124 |   0.0 |       0 |      28 |   0.0 |  1189
           D:8 |       0 |    1148 |   0.0 |       0 |      24 |   0.0 |  1848
           D:9 |       0 |     154 |   0.0 |       0 |       3 |   0.0 |    49
               +---------+---------+-------+---------+---------+-------+---------
